Map: Ley Lines

Players

Mingo

  • Race: Terran Terran
  • League: Master
  • Spawn Location: 1:00

IA (très facile) - Winner!

  • Race: Terran Terran
  • Spawn Location: 7:00

VOD

Have the link to the VOD?

Description

Time

  • Played on: Oct. 30, 2025, 12:12 p.m.
  • Length: 8:21
Show
View Real Time Build Order
Export as new Build Order

Mingo Terran 

Build Orders: Cyclone Opening 

Get SALT Encoding   

  12  0:00  SCV  
  13  0:12  SCV  
  14  0:17  Supply Depot  
  14  0:24  SCV  
  15  0:38  SCV  
  15  0:40  Barracks  
  16  0:44  Refinery  
  16  0:50  SCV  
  16  0:53  Refinery  
  17  1:03  SCV  
  18  1:15  SCV  
  19  1:27  Orbital Command  
  19  1:28  Reaper  
  19  1:29  Supply Depot  
  20  1:41  Factory  
  20  1:53  SCV  
  21  2:00  Barracks Reactor  
  21  2:06  SCV  
  22  2:18  SCV  
  22  2:20  Command Center  
  23  2:30  Starport  
  23  2:32  SCV  
  23  2:35  Factory Tech Lab  
  24  2:39  Marine  
  24  2:40  Marine  
  26  2:45  SCV  
  26  2:50  Supply Depot  
  27  2:57  Cyclone  
  30  3:02  Marine  
  31  3:11  Marine  
  31  3:12  Medivac  
  34  3:15  SCV  
  35  3:30  Marine x2  
  37  3:40  SCV  
  37  3:41  Factory Tech Lab  
  38  3:50  Marine x2  
  38  3:52  SCV  
  38  3:53  Orbital Command  
  38  3:55  Cloaking Field, Banshee  
  44  3:59  Refinery  
  44  4:07  SCV  
  45  4:13  Marine x2  
  47  4:17  Siege Tank  
  47  4:19  SCV  
  47  4:20  SCV  
  52  4:25  Supply Depot  
  52  4:29  Bunker  
  52  4:32  SCV  
  52  4:33  Barracks  
  52  4:34  SCV  
  54  4:46  Banshee  
  54  4:47  SCV x2  
  59  4:57  Barracks  
  59  4:59  SCV  
  60  5:03  SCV  
  60  5:04  Marine, Supply Depot  
  62  5:11  Supply Depot  
  62  5:17  Engineering Bay  
  62  5:25  Marine  
  62  5:26  SCV x2  
  62  5:27  Supply Depot  
  65  5:29  Stimpack  
  65  5:35  Marine  
  65  5:38  SCV x2  
  68  5:43  Supply Depot  
  68  5:44  Terran Infantry Weapons Level 1  
  68  5:45  Starport Reactor  
  68  5:46  Factory Reactor  
  68  5:50  SCV x2  
  68  5:52  Marine x2, Combat Shield  
  68  5:53  Marine  
  73  5:57  Marine  
  73  6:02  SCV  
  75  6:06  Supply Depot  
  75  6:07  Supply Depot  
  75  6:09  SCV  
  76  6:11  Marine x2  
  76  6:12  Marauder  
  76  6:14  SCV  
  81  6:19  Marauder  
  81  6:22  Medivac x2  
  81  6:23  Widow Mine x2  
  91  6:26  Refinery  
  91  6:32  Marine  
  93  6:34  Marauder  
  93  6:35  Marine  
  95  6:42  Marauder  
  97  6:48  Command Center  
  97  6:49  Marine  
  97  6:52  Medivac x2  
  97  6:53  Marine  
  103  6:56  Marauder  
  103  7:00  Widow Mine x2  
  109  7:03  Marine  
  110  7:11  Supply Depot  
  110  7:12  Supply Depot  
  110  7:15  Concussive Shells  
  110  7:16  Marine  
  110  7:18  Marauder  
  110  7:22  Marine, Medivac, Marauder  
  118  7:33  Widow Mine, Medivac  
  118  7:34  Widow Mine, Marine  
  125  7:37  Supply Depot  
  125  7:38  Supply Depot  
  125  7:39  Marauder  
  127  7:50  Marine x2  
  129  7:52  Barracks, SCV  
  129  7:53  Barracks  
  129  7:55  SCV  
  131  8:07  Ghost Academy  
Show
View Real Time Build Order
Export as new Build Order

IA (très facile) Terran - Winner!

Build Orders:  

Get SALT Encoding   

  12  0:00  SCV  
  13  0:13  SCV  
  14  0:18  Supply Depot  
  14  0:37  Refinery  
  14  0:43  Barracks  
  14  1:03  Supply Depot  
  14  1:10  Refinery  
  14  1:32  Barracks Tech Lab, Orbital Command  
  14  1:50  Marine  
  15  1:58  SCV  
  16  2:10  SCV  
  17  2:22  SCV  
  18  2:34  Marine, SCV  
  20  2:46  SCV  
  22  2:58  SCV  
  22  3:19  Marauder  
  24  4:17  Marine  
  24  4:19  Supply Depot  
  21  4:27  SCV  
  17  4:39  SCV  
  15  4:46  Marauder  
  15  4:51  SCV  
  15  5:03  SCV  
  15  5:14  Marine  
  12  5:15  SCV  
  11  5:28  SCV  
  7  5:40  SCV  
  7  5:42  Marine  
  9  5:52  SCV  
  6  6:04  SCV  
  6  6:08  Barracks  
  6  6:16  SCV  
  7  6:28  SCV  
  8  6:34  Refinery  
  8  6:40  SCV  
  9  6:52  SCV  
  10  6:54  Marine  
  10  7:04  SCV  
  8  7:10  Factory  
  8  7:13  Barracks Tech Lab  
  7  7:16  SCV  
  8  7:23  Marine  
  8  7:28  SCV  
  9  7:41  SCV  
  10  7:53  SCV  
  10  7:56  Starport  
  10  7:57  Marine  
  12  8:05  SCV  
Tags
 
League
Master
Matchup
TvT
Race
Terran
Spawn Locations
Cross Positions
Add a new tag
Caveats
  • Supply blocks, unpowered buildings, or Contaminate may cause inaccurate times.
  • Supply counts are checked every 10 seconds.